 Dungeon Crawl Stone Soup version 0.30-a0-847-g17996783a1 (webtiles) character file.

Game seed: 1546583386121151030

87 dhel the Covered (level 4, -2/40 HPs)
             Began as an Armataur Fighter on Mar 3, 2023.
             Slain by an orc wizard
             ... wielding a +0 dagger
              (3 damage)
             ... on level 2 of the Dungeon.
             The game lasted 00:02:50 (1202 turns).

dhel the Covered (Armataur Fighter)                 Turns: 1202, Time: 00:02:51

Health: -2/40      AC:  7    Str: 23    XL:     4   Next: 28%
Magic:  4/4        EV:  7    Int:  8    God:
Gold:   182        SH:  4    Dex: 10    Spells: 3/3 levels left

rFire   . . .      SeeInvis .    a - +0 flail
rCold   . . .      Faith    .    c - +0 buckler
rNeg    . . .      Spirit   .    b - +0 scale mail
rPois   .          Reflect  .    (no helmet)
rElec   .          Roll     +    (no cloak)
rCorr   .                        (no gloves)
Will    +....                    (no barding) Stlth
                                 (no amulet)
HPRegen 0.26/turn                n - ring of willpower
MPRegen 0.09/turn                (no ring)

@: no status effects
A: large, rugged brown scales 3, deformed body, armoured tail, roll, long
tongue, awkward tongue
a: no special abilities


You were on level 2 of the Dungeon.
You visited 1 branch of the dungeon, and saw 2 of its levels.

You collected 182 gold pieces.

Inventory:

Hand Weapons
 a - a +0 flail (weapon)
Armour
 b - a +0 scale mail (worn)
 c - a +0 buckler (worn)
Jewellery
 n - a ring of willpower (left hand)
Scrolls
 e - 2 scrolls of vulnerability {unknown}
 f - a scroll of fear {unknown}
 g - a scroll of torment {unknown}
 i - a scroll of poison {unknown}
 j - 2 scrolls of enchant armour {unknown}
 k - a scroll of blinking {unknown}
 o - 2 scrolls of identify {unknown}
 p - a scroll of butterflies {unknown}
 q - a scroll of teleportation {unknown}
Potions
 d - a potion of might
 h - a potion of heal wounds {unknown}
 l - a potion of attraction {unknown}
 m - a potion of lignification {unknown}


   Skills:
 + Level 3.2 Fighting
 * Level 3.0 Maces & Flails
 + Level 4.3 Armour
 + Level 0.3 Dodging
 + Level 1.1 Stealth
 - Level 3.3 Shields


You had 3 spell levels left.
You didn't know any spells.
Your spell library was empty.

Dungeon Overview and Level Annotations

Branches:
Dungeon (2/15)

Altars:


Innate Abilities, Weirdness & Mutations

You are completely covered in rugged brown scales. (AC +3, +7% HP)
Armour fits poorly on your strangely shaped body.
You have a long armoured tail.
You roll when moving toward enemies. (Rampage)
Your long tongue fully drains potion bottles. (2x potion effects)
Your tongue gives you trouble enunciating. (1.5x scroll delay)


Message History

The orc hits you from afar with a +0 trident.
Something hits you.
The orc hits you from afar with a +0 trident!
You completely miss something.
The orc hits you from afar with a +0 trident.
Something hits you.
You miss something.
You feel less invigorated.
You feel less confused. The orc hits you but does no damage.
Something hits you.
Something unexpectedly blocked you, preventing you from rolling!
You closely miss something. The orc barely misses you.
Something hits you but does no damage.
Something unexpectedly blocked you, preventing you from rolling!
You miss something. The orc hits you but does no damage.
You hear some strange, mumbled words.
A magic dart appears from out of thin air!
The magic dart hits you.
The orc hits you from afar with a +0 trident.
Something hits you but does no damage.
Something unexpectedly blocked you, preventing you from rolling!
You sock something! The orc barely misses you. You block something's attack.
Something unexpectedly blocked you, preventing you from rolling!
You miss something. The orc barely misses you. Something hits you.
Something unexpectedly blocked you, preventing you from rolling!
You barely miss something.
Your tail-slap misses something.
Something hits you. The orc barely misses you. Something hits you.
You block the orc's attack.
Something unexpectedly blocked you, preventing you from rolling!
You miss something. The orc hits you but does no damage.
Something hits you but does no damage.
Something unexpectedly blocked you, preventing you from rolling!
You miss something.
Your tail-slap misses something.
The orc hits you from afar with a +0 trident!
* * * LOW HITPOINT WARNING * * *
Something hits you but does no damage.
Something unexpectedly blocked you, preventing you from rolling!
You hit something but do no damage.
The orc hits you from afar with a +0 trident.
* * * LOW HITPOINT WARNING * * *
Something hits you.
You die...

#.#
##.........######.....#
#.#
######.#.....).....#.#
#.# #.##.######...... #.#
#.##.######.# #.. #.#
#.##......#.###.. #.#
####### #.#######........
#.# ....... #.##
###.##### .......##..##
#.# #
......o{@...#######.#####
......)###...............
....... #.####.........#
####.## #.## #.........#
#..<###..###.........#
.....................#
#######.#.###.........#
#.#.# #.........# #...#
#>........#


You could see an orc.

Vanquished Creatures
  An orc priest (D:2)
  An adder (D:2)
  A worm (D:2)
  A dart slug (D:1)
  2 orcs (D:2)
  3 ball pythons
  4 bats
  3 endoplasms
  4 giant cockroaches (D:1)
  3 goblins
  4 hobgoblins
  2 kobolds
  4 quokkas
  2 frilled lizards
  5 rats (D:1)
40 creatures vanquished.

Notes
Turn   | Place    | Note
-------+----------+-------------------------------------------
     0 | D:1      | dhel the Armataur Fighter began the quest for the Orb.
     0 | D:1      | Reached XP level 1. HP: 19/19 MP: 1/1
    93 | D:1      | Reached XP level 2. HP: 26/26 MP: 2/2
   439 | D:1      | Reached skill level 4 in Armour
   749 | D:2      | Reached XP level 3. HP: 33/33 MP: 3/3
  1185 | D:2      | Reached skill level 1 in Stealth
  1185 | D:2      | Reached XP level 4. HP: 28/40 MP: 4/4
  1202 | D:2      | HP: 1/40 [orc/+0 trident (6)]
  1202 | D:2      | Slain by an orc wizard

Illustrated notes

Levels and vault maps discovered:
D:1:      dpeg_arrival_arbitrary_c, layout_loops_cross, minmay_unequal
D:2:      layout_rooms, serial_shops, shop, roderic_st_hans_cross

Skill      XL: |  1  2  3 |
---------------+----------+-----
Maces & Flails | 2 3 |  3.0
Fighting       | 3 |  3.2
Armour         | 4 |  4.3
Stealth        | 1 |  1.1
Dodging        | |  0.3
Shields        | |  3.3

Action                     |  1- 3 |  4- 6 || total
---------------------------+-------+-------++-------
  Melee: Flail             |   111 |    16 ||   127
         Tailslap          |    11 |       ||    11
    Use: Potion            |       |     1 ||     1
 Armour: Scale mail        |    59 |    15 ||    74
  Dodge: Dodged            |    33 |     7 ||    40
  Block: Buckler           |    14 |     4 ||    18

Table legend: (Time is in decaauts)
 A = Elapsed time spent in this place.
 B = Non-inter-level travel time spent in this place.
 C = Inter-level travel time spent in this place.
 D = Time resting spent in this place.
 E = Time spent auto-exploring this place.
 F = Levels seen in this place.
 G = Mean time per level.
                   A        B        C        D        E       F      G
               +--------+--------+--------+--------+--------+-----+--------+
         Total |   1240 |   1227 |     13 |      0 |    943 |   2 |  620.0 |
       Dungeon |   1240 |   1227 |     13 |      0 |    943 |   2 |  620.0 |
               +--------+--------+--------+--------+--------+-----+--------+

Top non-repeatable levels by time:
     D:1: 755 daAuts
     D:2: 485 daAuts
